BSA
IRVINE GANG GREEN @ NEW ORLEANS LOOTERS
03/01/2030
 
TOP OF THE 1ST
Irvine Gang Green batting - Pitching for New Orleans Looters : RHP Juan Martínez
Pitching: RHP Juan Martínez
Batting: RHB Tomás Carranza 0-0: Ground out 4-3 (Groundball, 4)
Batting: SHB Carlos Córdova 0-0: Ball
1-0: Ball
2-0: Ball
3-0: Base on Balls
Batting: RHB José Salazar 0-0: Called Strike
Carlos Córdova is caught stealing 2nd base
0-1: SINGLE (Groundball, 56D)
Batting: LHB Francisco Cardenas 0-0: Called Strike
0-1: Ball
Wild Pitch!
José Salazar to second
1-1: Foul Ball, location: 2F
1-2: Strikes out swinging
Top of the 1st over - 0 runs, 1 hit, 0 errors, 1 left on base; Irvine 0 - New Orleans 0
BOTTOM OF THE 1ST
New Orleans Looters batting - Pitching for Irvine Gang Green : RHP Jesús De Los Santos
Pitching: RHP Jesús De Los Santos
Batting: LHB Miguel Colón 0-0: Swinging Strike
0-1: Ball
1-1: Foul Ball, location: 2F
1-2: SINGLE (Groundball, 6MD)
Batting: RHB Rubén Vázquez 0-0: Called Strike
0-1: Fly out, F8 (Flyball, 8RXD)
Batting: SHB Arturo Sánchez 0-0: Ball
Error on foul ball, E3
1-1: Ball
2-1: Ball
3-1: Foul Ball, location: 2F
3-2: Reached on error, E6 (Popup, 6MD)
Miguel Colón to second
Batting: LHB Taylor Smith 0-0: Called Strike
0-1: Fly out, F8 (Flyball, 8LM)
Batting: LHB Eduardo Rodríguez 0-0: Called Strike
0-1: Ball
1-1: Ball
2-1: Ball
3-1: Swinging Strike
3-2: Fly out, F5 (Popup, 56S)
Bottom of the 1st over - 0 runs, 1 hit, 2 errors, 2 left on base; Irvine 0 - New Orleans 0
TOP OF THE 2ND
Irvine Gang Green batting - Pitching for New Orleans Looters : RHP Juan Martínez
Batting: LHB Marcos Cantú 0-0: Called Strike
0-1: Ball
1-1: Ball
2-1: Called Strike
2-2: Strikes out swinging, 2-3 out at first.
Batting: RHB Ron Elazar 0-0: Called Strike
0-1: Ball
1-1: Called Strike
1-2: Strikes out swinging
Batting: RHB Jorge Barbosa 0-0: Ball
1-0: Ball
2-0: Ball
3-0: Called Strike
3-1: Fly out, F7 (Flyball, 78M)
Top of the 2nd over - 0 runs, 0 hits, 0 errors, 0 left on base; Irvine 0 - New Orleans 0
BOTTOM OF THE 2ND
New Orleans Looters batting - Pitching for Irvine Gang Green : RHP Jesús De Los Santos
Batting: RHB Dave O'Loan 0-0: Ball
1-0: Ball
2-0: Foul Ball, location: 2F
2-1: Foul Ball, location: 2F
2-2: Fly out, F7 (Flyball, 7S)
Batting: RHB Ramón Hernández 0-0: Called Strike
0-1: Foul Ball, location: 2F
0-2: Fly out, F4 (Line Drive, 4M)
Batting: RHB Tim Gardner 0-0: Fly out, F6 (Line Drive, 6)
Bottom of the 2nd over - 0 runs, 0 hits, 0 errors, 0 left on base; Irvine 0 - New Orleans 0
TOP OF THE 3RD
Irvine Gang Green batting - Pitching for New Orleans Looters : RHP Juan Martínez
Batting: RHB Sergio Moreno 0-0: Called Strike
0-1: Ball
1-1: Ball
2-1: Ground out 6-3 (Groundball, 6)
Batting: SHB David Boyle 0-0: Ball
1-0: Ball
2-0: Ball
3-0: Base on Balls
Batting: RHB Tomás Carranza 0-0: Grounds into double play, 4-6-3 (Groundball, 4)
Top of the 3rd over - 0 runs, 0 hits, 0 errors, 0 left on base; Irvine 0 - New Orleans 0
BOTTOM OF THE 3RD
New Orleans Looters batting - Pitching for Irvine Gang Green : RHP Jesús De Los Santos
Batting: RHB Robert Bly 0-0: Ball
1-0: Swinging Strike
1-1: Swinging Strike
1-2: Ball
2-2: Foul Ball, location: 2F
2-2: Ball
3-2: Foul Ball, location: 2F
3-2: SINGLE (Line Drive, 7S)
Batting: LHB Miguel Colón 0-0: Ball
1-0: Foul Ball, location: 2F
1-1: Foul Ball, location: 2F
1-2: Fielders Choice at 2nd, 4-6 (Groundball, 4M)
Batting: RHB Rubén Vázquez 0-0: Ball
1-0: Called Strike
1-1: Called Strike
1-2: Strikes out swinging
Batting: SHB Arturo Sánchez 0-0: Ball
1-0: Called Strike
1-1: Called Strike
Pickoff Throw to First - Out!
Bottom of the 3rd over - 0 runs, 1 hit, 0 errors, 0 left on base; Irvine 0 - New Orleans 0
TOP OF THE 4TH
Irvine Gang Green batting - Pitching for New Orleans Looters : RHP Juan Martínez
Batting: SHB Carlos Córdova 0-0: Called Strike
0-1: Foul Ball, location: 2F
0-2: Foul Ball, location: 2F
0-2: Fly out, F8 (Flyball, 8LXD)
Batting: RHB José Salazar 0-0: Ball
1-0: Ground out 5-3 (Groundball, 56S)
Batting: LHB Francisco Cardenas 0-0: Ball
1-0: SINGLE (Flyball, 8LS)
Batting: LHB Marcos Cantú 0-0: Ball
1-0: Ball
2-0: Called Strike
2-1: Ground out 4-3 (Groundball, 4)
Top of the 4th over - 0 runs, 1 hit, 0 errors, 1 left on base; Irvine 0 - New Orleans 0
BOTTOM OF THE 4TH
New Orleans Looters batting - Pitching for Irvine Gang Green : RHP Jesús De Los Santos
Batting: SHB Arturo Sánchez 0-0: Ball
1-0: Ball
2-0: Called Strike
2-1: Ground out 1-3 (Groundball, 13S)
Pitching: RHP Ramón Silva
Batting: LHB Taylor Smith 0-0: Called Strike
0-1: Swinging Strike
0-2: Ball
1-2: Ball
2-2: Ball
3-2: Ground out 1-3 (Groundball, 13S)
Batting: LHB Eduardo Rodríguez 0-0: Called Strike
0-1: Ground out U3 (Groundball, 3)
Bottom of the 4th over - 0 runs, 0 hits, 0 errors, 0 left on base; Irvine 0 - New Orleans 0
TOP OF THE 5TH
Irvine Gang Green batting - Pitching for New Orleans Looters : RHP Juan Martínez
Pitching: LHP Tadao Yoshida
Batting: RHB Ron Elazar 0-0: Ball
1-0: Foul Ball, location: 2F
1-1: Ball
2-1: Called Strike
2-2: Foul Ball, location: 2F
2-2: Foul Ball, location: 2F
2-2: Ball
3-2: SOLO HOME RUN (Flyball, 7D), Distance : 388 ft
Batting: RHB Jorge Barbosa 0-0: Ball
1-0: Ball
2-0: Called Strike
2-1: Foul Ball, location: 2F
2-2: Ground out 5-3 (Groundball, 56S)
Batting: RHB Sergio Moreno 0-0: Called Strike
0-1: Ball
1-1: Foul Ball, location: 2F
1-2: Strikes out looking
Batting: SHB David Boyle 0-0: Called Strike
0-1: Ball
1-1: Swinging Strike
1-2: Ball
2-2: Ground out 4-3 (Groundball, 4)
Top of the 5th over - 1 run, 1 hit, 0 errors, 0 left on base; Irvine 1 - New Orleans 0
BOTTOM OF THE 5TH
New Orleans Looters batting - Pitching for Irvine Gang Green : RHP Ramón Silva
Batting: RHB Dave O'Loan 0-0: Ball
1-0: Called Strike
1-1: Ball
2-1: Called Strike
2-2: Ball
3-2: Foul Ball, location: 2F
3-2: Foul Ball, location: 2F
3-2: Base on Balls
Batting: RHB Ramón Hernández 0-0: Called Strike
0-1: Ball
1-1: Fly out, F9 (Flyball, 9S)
Batting: RHB Tim Gardner 0-0: Ball
1-0: Ball
2-0: Grounds into double play, 4-6-3 (Groundball, 4M)
Bottom of the 5th over - 0 runs, 0 hits, 0 errors, 0 left on base; Irvine 1 - New Orleans 0
TOP OF THE 6TH
Irvine Gang Green batting - Pitching for New Orleans Looters : LHP Tadao Yoshida
Batting: RHB Tomás Carranza 0-0: Called Strike
0-1: Ball
1-1: Called Strike
1-2: Strikes out swinging
Batting: SHB Carlos Córdova 0-0: Swinging Strike
0-1: Ball
1-1: Ball
2-1: Foul Ball, location: 2F
2-2: SINGLE (Line Drive, 89S)
Batting: RHB José Salazar 0-0: Ball
1-0: Called Strike
1-1: Ball
2-1: Foul Ball, location: 2F
2-2: Foul Ball, location: 2F
2-2: Ball
Carlos Córdova steals 2nd base
3-2: Intentional Walk
Batting: LHB Francisco Cardenas 0-0: SINGLE (Groundball, 56D)
Carlos Córdova to third
José Salazar to second
Runner from 3rd tries for Home, SAFE, no throw
Batting: LHB Marcos Cantú 0-0: Ball
1-0: Ball
2-0: Swinging Strike
2-1: Ball
3-1: Foul Ball, location: 2F
3-2: Base on Balls
José Salazar to third
Francisco Cardenas to second
Pitching: RHP Ienobu Sato
Batting: RHB Ron Elazar 0-0: Ground out 5-3 (Groundball, 56S)
José Salazar scores
Francisco Cardenas to third
Marcos Cantú to second
Batting: RHB Jorge Barbosa 0-0: Ball
1-0: Swinging Strike
1-1: SINGLE (Line Drive, 6MD)
Francisco Cardenas scores
Marcos Cantú to third
Batting: RHB Sergio Moreno 0-0: Ball
1-0: Ball
2-0: Swinging Strike
2-1: Foul Ball, location: 2F
2-2: Ground out 4-3 (Groundball, 34)
Top of the 6th over - 3 runs, 3 hits, 0 errors, 2 left on base; Irvine 4 - New Orleans 0
BOTTOM OF THE 6TH
New Orleans Looters batting - Pitching for Irvine Gang Green : RHP Ramón Silva
Batting: RHB Robert Bly 0-0: Swinging Strike
0-1: Ball
1-1: Swinging Strike
1-2: Foul Ball, location: 2F
1-2: Strikes out looking
Batting: LHB Miguel Colón 0-0: Called Strike
0-1: Ball
1-1: Foul Ball, location: 2F
1-2: Ball
2-2: Ball
3-2: Foul Ball, location: 2F
3-2: Foul Ball, location: 2F
3-2: Ground out 6-3 (Groundball, 6)
Batting: RHB Rubén Vázquez 0-0: Called Strike
0-1: Ball
1-1: Foul Ball, location: 2F
1-2: Foul Ball, location: 2F
1-2: SINGLE (Groundball, 34S) (infield hit)
Batting: SHB Arturo Sánchez 0-0: Foul Ball, location: 2F
0-1: Ball
1-1: Ball
2-1: Foul Ball, location: 2F
2-2: Fly out, F8 (Flyball, 78D)
Bottom of the 6th over - 0 runs, 1 hit, 0 errors, 1 left on base; Irvine 4 - New Orleans 0
TOP OF THE 7TH
Irvine Gang Green batting - Pitching for New Orleans Looters : RHP Ienobu Sato
Batting: SHB David Boyle 0-0: Ball
1-0: Ball
2-0: Called Strike
2-1: Foul Ball, location: 2F
2-2: Foul Ball, location: 2F
2-2: Strikes out swinging
Pinch Hitting: LHB Víctor Quiñones 0-0: Ball
1-0: Called Strike
1-1: Called Strike
1-2: Ball
2-2: Foul Ball, location: 2F
2-2: Strikes out swinging
Pinch Hitting: SHB Glenn Vadnais 0-0: Called Strike
0-1: Swinging Strike
0-2: Ball
1-2: Strikes out swinging
Top of the 7th over - 0 runs, 0 hits, 0 errors, 0 left on base; Irvine 4 - New Orleans 0
BOTTOM OF THE 7TH
New Orleans Looters batting - Pitching for Irvine Gang Green : RHP Ramón Silva
Now at SS: David Adams
Now in RF: Glenn Vadnais
Batting: LHB Taylor Smith 0-0: Ball
1-0: Fly out, F3 (Line Drive, 3)
Batting: LHB Eduardo Rodríguez 0-0: Called Strike
0-1: Ball
1-1: SINGLE (Flyball, 8LS)
Batting: RHB Dave O'Loan 0-0: Called Strike
0-1: Ball
1-1: Called Strike
1-2: Strikes out looking
Batting: RHB Ramón Hernández 0-0: Ball
1-0: Fielders Choice at 2nd, 6-4 (Groundball, 6)
Bottom of the 7th over - 0 runs, 1 hit, 0 errors, 1 left on base; Irvine 4 - New Orleans 0
TOP OF THE 8TH
Irvine Gang Green batting - Pitching for New Orleans Looters : RHP Ienobu Sato
Pinch Hitting: LHB Terry Simpson 0-0: Ball
1-0: Ball
2-0: Swinging Strike
2-1: Called Strike
2-2: Ball
3-2: Fly out, F9 (Line Drive, 9D)
Batting: RHB Tyler Wagner 0-0: Called Strike
0-1: Ground out 5-3 (Groundball, 56)
Pinch Hitting: RHB Ronnie Brown 0-0: Ball
1-0: Foul Ball, location: 2F
1-1: Ground out 6-3 (Groundball, 6)
Top of the 8th over - 0 runs, 0 hits, 0 errors, 0 left on base; Irvine 4 - New Orleans 0
BOTTOM OF THE 8TH
New Orleans Looters batting - Pitching for Irvine Gang Green : RHP Ramón Silva
Pitching: RHP Jun Kawashima
Now at 1B: Juan Carlos
Now at 3B: Ronnie Brown
Batting: RHB Tim Gardner 0-0: Ball
1-0: Foul Ball, location: 2F
1-1: Called Strike
1-2: Foul Ball, location: 2F
1-2: Ball
2-2: Ball
3-2: SINGLE (Groundball, 6MD)
Batting: RHB Robert Bly 0-0: Called Strike
0-1: Ball
1-1: SINGLE (Groundball, 6MD)
Tim Gardner to second
Tim Gardner to third
Pitching: RHP Raúl Saltines
Pinch Hitting: RHB Millard Stark 0-0: Ball
1-0: Called Strike
1-1: Swinging Strike
1-2: Ball
2-2: Strikes out looking
Pinch Hitting: LHB John Hudson 0-0: Called Strike
0-1: Ball
1-1: Swinging Strike
1-2: Strikes out swinging
Pinch Hitting: SHB Oliver Deleón 0-0: Ball
1-0: SINGLE (Groundball, 56D)
Tim Gardner scores
Robert Bly to second
Batting: RHB Dan Banks 0-0: Ball
1-0: Ball
2-0: Called Strike
2-1: Swinging Strike
2-2: Strikes out swinging
Bottom of the 8th over - 1 run, 3 hits, 0 errors, 2 left on base; Irvine 4 - New Orleans 1
TOP OF THE 9TH
Irvine Gang Green batting - Pitching for New Orleans Looters : RHP Ienobu Sato
Now at 1B: Oliver Deleón
Now in CF: Jeff Townsley
Now in RF: John Hudson
Pinch Hitting: LHB Leonardo Medina 0-0: Called Strike
0-1: Ball
1-1: Ball
2-1: Ball
3-1: Called Strike
3-2: Foul Ball, location: 2F
3-2: SINGLE (Groundball, 34S) (infield hit)
Pitching: LHP Juan Méndez
Pinch Hitting: SHB Nick Cox 0-0: Ball
1-0: Called Strike
1-1: Foul Ball, location: 2F
1-2: Foul Ball, location: 2F
1-2: Strikes out swinging
Pinch Hitting: LHB Dave Gordon 0-0: Swinging Strike
Pickoff Throw to First - Error! E1
Leonardo Medina to second
0-1: Ball
1-1: Foul Ball, location: 2F
1-2: Strikes out looking
Pinch Hitting: RHB José Maldonado 0-0: Ball
Passed Ball!
Leonardo Medina to third
1-0: Ball
2-0: Called Strike
2-1: Foul Ball, location: 2F
2-2: Strikes out swinging
Top of the 9th over - 0 runs, 1 hit, 1 error, 1 left on base; Irvine 4 - New Orleans 1
BOTTOM OF THE 9TH
New Orleans Looters batting - Pitching for Irvine Gang Green : RHP Raúl Saltines
Now at C: Nick Cox
Now at 1B: Leonardo Medina
Now in CF: Tony Tavárez
Pinch Hitting: RHB Run-ming Zhu 0-0: Ball
Now at C: José Maldonado 1-0: Called Strike
1-1: Ground out 5-3 (Groundball, 5L)
Pinch Hitting: RHB Kolomon Meise 0-0: Called Strike
0-1: Swinging Strike
0-2: Ball
1-2: Strikes out looking
Pinch Hitting: LHB Mario Álvarez 0-0: Ball
1-0: SINGLE (Groundball, 34D)
Pinch Hitting: LHB Ryan Flynn 0-0: Ball
1-0: Ball
2-0: Swinging Strike
2-1: Ball
3-1: Swinging Strike
3-2: Fly out, F9 (Flyball, 9LM)
Bottom of the 9th over - 0 runs, 1 hit, 0 errors, 1 left on base; Irvine 4 - New Orleans 1
Saturday, April 7th, 2018 - OOTP Baseball 18.8 Build 76